 Dungeon Crawl Stone Soup version 0.31-a0-455-g1a7b003ef0 (webtiles) character file.

Game seed: 17392561083593407842

4 Xavori the Trooper (level 1, -2/20 HPs)
             Began as a Djinni Chaos Knight on Aug 3, 2023.
             Was a Plaything of Xom.
             Frozen to death by an endoplasm (7 damage)
             ... on level 1 of the Dungeon.
             The game lasted 00:00:15 (2000 turns).

Xavori the Trooper (Djinni Chaos Knight)            Turns: 2000, Time: 00:00:16

Health: -2/20      AC:  5    Str: 11    XL:     1   Next: 66%
Gold:   0          EV: 11    Int: 13    God:    Xom [...*..] SH:  0 Dex: 12

rFire   + + .        a - +0 falchion (chaos)
rCold   x . .        (no shield)
rNeg    . . .        b - +2 leather armour
rPois   ∞            (no helmet)
rElec   .            (no cloak)
rCorr   .            (no gloves)
SInv    .            (boots unavailable)
Will    .....        (no amulet)
Stlth   +            (no ring)
HPRegen 0.23/turn    (no ring)
MPRegen 0.00/turn

%: infuse magic (-3 HP)
@: flying
A: sickness immunity, fire resistance 2, cold vulnerability 1, float, innate
caster, HP casting, extra vitality 1
a: Renounce Religion


You were on level 1 of the Dungeon.
You worshipped Xom.
You were a favourite toy of Xom.
You visited 1 branch of the dungeon, and saw 1 of its levels.

Inventory:

Hand Weapons
 a - a +0 falchion of chaos (weapon)
Armour
 b - a +2 leather armour (worn)
Scrolls
 c - a scroll of butterflies


   Skills:
 + Level 3.0 Fighting
 + Level 2.6 Long Blades
 + Level 1.0 Armour
 + Level 2.1 Dodging You didn't know any spells. Your spell library was empty.

Dungeon Overview and Level Annotations

Branches:
Dungeon (1/15)

Altars:
Xom


Innate Abilities, Weirdness & Mutations

You are immune to sickness and miasma.
You are immune to poison.
Your flesh is very heat resistant. (rF++)
You are vulnerable to cold. (rC-)
You float through the air rather than walking.
You learn spells naturally, not from books.
Your magical power is your life essence.
You have superior vitality. (+4 MHP)


Message History

The bat hits you but does no damage. x2
Unknown command.
Unknown command.
The bat misses you.
Unknown command.
You barely miss the bat.
The endoplasm quivers.
The bat barely misses you. The bat closely misses you.
Unknown command.
You slash the bat!
You kill the bat!
The endoplasm hits you but does no damage.
Unknown command.
You barely miss the endoplasm.
Your bat zombie hits the endoplasm but does no damage.
The endoplasm freezes you.
You are frozen!
You feel a terrible chill!
Your bat zombie hits the endoplasm.
Unknown command.
You are too injured to fight recklessly!
Unknown command.
You are too injured to fight recklessly!
Unknown command.
You are too injured to fight recklessly!
Unknown command.
You are too injured to fight recklessly!
Unknown command.
You are too injured to fight recklessly!
You completely miss the endoplasm.
The endoplasm is moderately wounded.
Your bat zombie hits the endoplasm. x2
The endoplasm freezes you.
You are frozen.
You feel a terrible chill!
* * * LOW HITPOINT WARNING * * *
The endoplasm misses your bat zombie.
Your bat zombie hits the endoplasm.
You hit the endoplasm.
You kill the endoplasm!
Your bat zombie hits the endoplasm but does no damage. x2
The endoplasm freezes you.
You are frozen!
You feel a terrible chill!
You die...

... ... # #.# ∆
#.##.###.#
#........#
#####.##### #
#.......#######.#
#.##†...........###
#....@Z............
#..##J##..#<# #..
#.. ..##.# #. #.##
## ## #. ..> ..#
#.. #.#


You could see an endoplasm (ally target) and a friendly bat zombie.

Vanquished Creatures
  A bat (D:1)
  2 endoplasms (D:1)
  A giant cockroach (D:1)
4 creatures vanquished.

Notes
Turn   | Place    | Note
-------+----------+-------------------------------------------
     0 | D:1      | Xavori the Djinni Chaos Knight began the quest for the Orb.
     0 | D:1      | Reached XP level 1. HP: 20/20 MP: 0/0
   287 | D:1      | XOM: 8-stop teleportation journey
   430 | D:1      | XOM: scenery: create altars
   598 | D:1      | XOM: cloud trail
   699 | D:1      | XOM: 3-stop teleportation journey
   858 | D:1      | XOM: divination: detect items
  1986 | D:1      | XOM: noise
  2000 | D:1      | Frozen to death by an endoplasm

Illustrated notes

Levels and vault maps discovered:
D:1:      onia_arrival_handbag, layout_loops_corners

Action                     || total
---------------------------++-------
  Melee: Falchion          ||    10
 Armour: Leather armour    ||     4
  Dodge: Dodged            ||     9

Table legend: (Time is in decaauts)
 A = Elapsed time spent in this place.
 B = Non-inter-level travel time spent in this place.
 C = Inter-level travel time spent in this place.
 D = Time resting spent in this place.
 E = Time spent auto-exploring this place.
 F = Levels seen in this place.
 G = Mean time per level.
                   A        B        C        D        E       F      G
               +--------+--------+--------+--------+--------+-----+--------+
         Total |   2001 |   2001 |      0 |   1987 |      0 |   1 | 2001.0 |
       Dungeon |   2001 |   2001 |      0 |   1987 |      0 |   1 | 2001.0 |
               +--------+--------+--------+--------+--------+-----+--------+

Top non-repeatable levels by time:
     D:1: 2001 daAuts
